Map: Abyssal Reef LE

Players

SortOf - Winner!

  • Race: Zerg Zerg
  • Spawn Location: 11:00

Zanster

  • Race: Zerg Zerg
  • Spawn Location: 5:00

Event: IEM XI Katowice - World Championship 2017

VOD

Have the link to the VOD?

Description

Time

  • Played on: Feb. 27, 2017, 11:44 a.m.
  • Length: 11:42

All games in this series

Show
View Real Time Build Order
Export as new Build Order

SortOf Zerg - Winner!

Build Orders: Pool First, Muta Ling Bane 

Get SALT Encoding   

  12  0:01  Drone  
  13  0:13  Overlord  
  13  0:17  Drone  
  14  0:31  Drone x2  
  16  0:38  Drone  
  17  0:44  Spawning Pool  
  17  0:48  Drone  
  17  1:09  Hatchery  
  16  1:11  Drone  
  17  1:25  Extractor  
  17  1:31  Zergling x6  
  17  1:32  Queen  
  21  1:43  Overlord  
  21  1:53  Drone  
  22  2:03  Drone  
  22  2:08  Queen  
  23  2:14  Drone  
  26  2:22  Queen  
  28  2:23  Drone  
  28  2:26  Drone  
  30  2:31  Drone  
  31  2:37  Drone  
  31  2:41  Drone x2  
  33  2:45  Drone x2  
  33  2:50  Overlord  
  34  2:52  Overlord  
  34  3:00  Drone  
  34  3:03  Evolution Chamber  
  34  3:05  Drone  
  34  3:12  Drone  
  36  3:14  Lair  
  36  3:16  Roach Warren  
  36  3:18  Drone x2  
  37  3:27  Spine Crawler  
  35  3:30  Evolution Chamber, Drone  
  35  3:31  Drone  
  36  3:35  Drone  
  36  3:36  Drone  
  36  3:40  Zerg Missile Weapons Level 1  
  38  3:42  Drone  
  38  3:46  Drone  
  38  3:48  Extractor  
  39  3:49  Drone  
  39  3:50  Drone  
  39  3:53  Drone  
  42  3:58  Drone x3  
  45  4:03  Overlord  
  45  4:07  Roach  
  47  4:15  Extractor  
  47  4:16  Overlord  
  46  4:19  Drone x3  
  49  4:24  Roach  
  49  4:26  Roach  
  53  4:35  Spore Crawler, Roach x2  
  56  4:41  Evolution Chamber, Roach  
  56  4:44  Evolution Chamber  
  56  4:46  Roach x2  
  56  4:49  Roach  
  64  4:53  Roach  
  64  4:55  Roach  
  64  4:58  Roach, Evolution Chamber  
  67  5:03  Roach  
  67  5:08  Roach Warren  
  67  5:13  Overlord  
  67  5:15  Overlord  
  65  5:21  Overlord  
  62  5:34  Drone x2  
  64  5:41  Overlord  
  64  5:44  Overseer  
  64  5:46  Zerg Missile Weapons Level 2  
  64  5:53  Evolution Chamber  
  64  5:54  Glial Reconstitution, Roach  
  64  5:55  Roach  
  69  5:57  Roach  
  69  6:03  Drone x3  
  72  6:06  Drone x2  
  72  6:09  Drone  
  75  6:12  Extractor  
  74  6:20  Spire, Drone  
  74  6:22  Drone  
  75  6:27  Queen  
  75  6:32  Drone x2  
  79  6:38  Drone x3  
  82  6:40  Roach  
  82  6:42  Roach  
  86  6:49  Roach x2  
  90  6:55  Roach  
  92  7:02  Queen, Roach  
  92  7:04  Overlord  
  92  7:08  Overlord  
  96  7:18  Hatchery  
  95  7:31  Mutalisk x5  
  95  7:33  Mutalisk  
  107  7:43  Roach x3  
  113  7:54  Roach  
  115  7:58  Overlord  
  115  7:59  Overlord  
  115  8:01  Zerg Ground Armor Level 1, Drone  
  116  8:15  Overlord x2  
  116  8:16  Overlord  
  116  8:27  Drone x2  
  116  8:28  Drone x4  
  116  8:30  Drone  
  123  8:39  Drone x2  
  125  8:42  Drone  
  125  8:44  Extractor x2  
  124  8:49  Roach  
  124  8:51  Roach  
  124  8:53  Overlord  
  128  8:57  Baneling Nest  
  128  9:01  Roach x4  
  125  9:12  Roach x8  
  125  9:19  Roach x2  
  125  9:23  Roach x2  
  125  9:24  Roach  
  135  9:27  Zerg Melee Weapons Level 1  
  135  9:32  Drone x4  
  135  9:33  Drone x3  
  135  9:36  Roach x2  
  146  9:48  Centrifical Hooks  
  146  9:53  Zergling x10  
  146  9:56  Overlord  
  151  10:00  Hatchery, Overseer  
  151  10:01  Overlord  
  150  10:12  Mutalisk x5  
  160  10:20  Roach x2  
  164  10:30  Roach x5  
  164  10:34  Baneling x7  
  174  10:37  Roach  
  174  10:38  Roach  
  178  10:43  Overlord  
  178  10:48  Zergling x12  
  184  10:54  Baneling x3  
  184  10:56  Zergling x4  
  186  11:01  Overlord  
  186  11:07  Baneling x4  
  186  11:10  Roach x3  
  192  11:15  Roach x2  
  196  11:19  Roach x2  
Show
View Real Time Build Order
Export as new Build Order

Zanster Zerg 

Build Orders: Hatch First, Zergling Baneling 

Get SALT Encoding   

  12  0:00  Drone  
  13  0:12  Overlord  
  13  0:17  Drone  
  14  0:31  Drone x2  
  14  0:35  Drone  
  17  0:52  Hatchery  
  17  0:54  Drone  
  17  0:57  Drone  
  18  1:09  Extractor  
  17  1:12  Spawning Pool  
  17  1:15  Drone  
  17  1:19  Drone  
  18  1:28  Drone  
  19  1:42  Overlord  
  19  1:55  Drone  
  19  1:59  Queen  
  22  2:01  Zergling x2  
  22  2:03  Queen  
  22  2:04  Drone  
  26  2:10  Metabolic Boost  
  26  2:11  Drone  
  26  2:15  Drone  
  28  2:22  Drone  
  29  2:27  Drone  
  30  2:30  Baneling Nest  
  30  2:33  Extractor  
  30  2:35  Zergling x2  
  29  2:43  Extractor  
  26  2:44  Zergling x4  
  27  2:53  Overlord  
  27  2:54  Overlord  
  27  2:58  Drone  
  29  3:06  Extractor  
  28  3:16  Hatchery  
  28  3:22  Zergling x2  
  28  3:23  Zergling x8  
  28  3:25  Zergling x2  
  34  3:28  Zergling x2  
  34  3:32  Zergling x2  
  34  3:33  Zergling x2  
  37  3:35  Zergling x2  
  38  3:42  Zergling x4  
  40  3:53  Zergling x8  
  43  3:57  Overlord  
  43  4:10  Zergling x2  
  44  4:18  Zergling x10  
  44  4:21  Overlord  
  48  4:27  Baneling  
  48  4:28  Baneling x4  
  48  4:29  Zergling x2  
  48  4:30  Zergling x2  
  51  4:37  Baneling x5  
  51  4:41  Zergling x2  
  51  4:42  Zergling x10  
  56  4:45  Baneling  
  56  4:48  Zergling x2  
  54  4:54  Baneling  
  50  5:03  Zergling x2  
  50  5:04  Zergling x10  
  50  5:06  Zergling x2  
  47  5:14  Zergling x4  
  47  5:15  Zergling x2  
  46  5:21  Zergling x2  
  45  5:29  Baneling x2  
  45  5:32  Zergling x2  
  45  5:33  Zergling x2  
  43  5:38  Drone  
  43  5:39  Drone  
  43  5:40  Drone x4  
  43  5:42  Drone  
  47  5:45  Drone  
  47  5:49  Drone  
  49  5:54  Drone  
  50  5:59  Drone  
  51  6:05  Unknown, Drone  
  52  6:13  Evolution Chamber  
  52  6:16  Drone  
  52  6:17  Drone x5  
  57  6:27  Hatchery  
  57  6:28  Overlord  
  57  6:29  Drone  
  57  6:31  Drone  
  58  6:39  Evolution Chamber  
  57  6:40  Zerg Ground Armor Level 1  
  57  6:47  Drone  
  57  6:51  Zergling x10  
  64  6:54  Zergling x4  
  65  7:04  Zerg Melee Weapons Level 1  
  65  7:05  Zergling x4  
  65  7:08  Zergling x2  
  67  7:10  Overlord  
  67  7:16  Zergling x2  
  67  7:18  Lair, Overlord  
  68  7:25  Unknown  
  68  7:27  Queen  
  68  7:29  Zergling x8  
  75  7:30  Zergling x2  
  75  7:31  Overlord  
  75  7:38  Zergling x8  
  75  7:43  Zergling x6  
  82  7:44  Zergling x2  
  82  7:47  Burrow  
  82  7:50  Zergling x4  
  84  7:54  Baneling x5  
  84  7:55  Baneling  
  84  7:58  Baneling x3  
  84  8:07  Spore Crawler  
  84  8:08  Spore Crawler  
  84  8:11  Spore Crawler, Drone x4  
  85  8:15  Drone x2  
  85  8:18  Overlord  
  87  8:22  Overlord  
  87  8:25  Overlord  
  85  8:43  Zergling x8  
  89  8:50  Zergling x2  
  89  8:51  Zergling x16  
  94  9:06  Drone x6  
  91  9:13  Drone  
  91  9:14  Zerg Melee Weapons Level 2  
  91  9:15  Drone  
  91  9:16  Drone x2  
  87  9:19  Queen  
  87  9:22  Zergling x4  
  87  9:23  Zerg Ground Armor Level 2  
  90  9:27  Overlord  
  90  9:30  Overlord  
  85  9:46  Zergling x2  
  85  9:47  Zergling x8  
  85  9:49  Centrifical Hooks  
  89  9:53  Overseer  
  89  9:58  Zergling x10  
  94  10:03  Zergling x4  
  96  10:08  Extractor  
  96  10:11  Zergling x2  
  96  10:12  Zergling x4  
  97  10:18  Overlord  
  97  10:21  Zergling x6  
  100  10:26  Queen x3, Hatchery  
  101  10:39  Zergling x14  
  108  10:44  Zergling x2  
  108  10:45  Zergling x2  
  108  10:55  Zergling x6  
  111  11:02  Queen x3  
  113  11:05  Overlord x3  
  113  11:16  Infestation Pit, Extractor  
  113  11:17  Baneling  
  111  11:20  Zergling x4  
  111  11:21  Zergling x4  
  111  11:24  Zergling x6  
  116  11:25  Spore Crawler  

Tags
 
Add a new tag
Caveats
  • Supply blocks, unpowered buildings, or Contaminate may cause inaccurate times.
  • Supply counts are checked every 10 seconds.